 Dungeon Crawl Stone Soup version 0.28-a0-1184-g53156a8862 (webtiles) character file.

Game seed: 4325111383838718520

2913 bearlyready the Destroyer (level 9, -17/74 HPs)
             Began as a Red Draconian Conjurer on Dec 17, 2021.
             Was an Initiate of Gozag.
             Shot with a bolt by an orc warrior (25 damage)
             ... in a bailey.
             The game lasted 00:17:05 (11135 turns).

bearlyready the Destroyer (Red Draconian Conjurer) Turns: 11135, Time: 00:17:06

Health: -17/74     AC: 10    Str: 10    XL:     9   Next: 49%
Magic:  1/12       EV: 16    Int: 22    God:    Gozag
Gold:   630        SH:  0    Dex: 10    Spells: 5/12 levels left

rFire   + . .      SeeInvis .   s - +3 whip (elec)
rCold   . . .      Faith    .   (no shield)
rNeg    . . .      Spirit   .   (armour unavailable)
rPois   .          Reflect  .   (helmet restricted)
rElec   .          Harm     .   (no cloak)
rCorr   +          Rampage  .   m - +2 pair of gloves
Will    .....                   (no boots)
Stlth   ++........              (no amulet)
HPRegen 0.22/turn               o - +4 ring of evasion
MPRegen 0.13/turn               v - ring of resist corrosion

@: short of breath, gold aura, very slightly contaminated
A: breathe fire, AC +7, unfitting armour, fire resistance 1, cold-blooded
a: Breathe Fire, Renounce Religion, Potion Petition, Call Merchant, Bribe Branch


You were in a bailey.
You worshipped Gozag.
Gozag was pleased with you.
You visited 2 branches of the dungeon, and saw 9 of its levels.
You also visited: Sewer and Bailey.

You collected 732 gold pieces.
You paid 102 gold pieces to Gozag.

Inventory:

Hand Weapons
 b - a +0 dagger
 l - a +0 rapier
 s - a +3 whip of electrocution (weapon)
 y - a +3 morningstar
Missiles
 c - 3 boomerangs
 d - 15 poisoned darts
 z - 3 silver boomerangs
Armour
 m - a +2 pair of gloves (worn)
Jewellery
 o - a +4 ring of evasion (left hand)
 v - a ring of resist corrosion (right hand)
Wands
 x - a wand of flame (62)
Scrolls
 e - 7 scrolls of teleportation
 f - a scroll of blinking
 h - a scroll of fear
 j - a scroll of immolation
 u - a scroll of enchant armour
Potions
 a - 4 potions of degeneration
 g - a potion of curing
 k - 6 potions of flight
 n - a potion of might {unknown}
 p - a potion of berserk rage
 r - a potion of lignification
 t - 2 potions of haste
 w - a potion of heal wounds


   Skills:
 - Level 5.1 Fighting
 - Level 3.0 Maces & Flails
 - Level 1.7 Dodging
 - Level 1.7 Stealth
 - Level 2.0 Spellcasting
 + Level 9.9 Conjurations
 + Level 6.9 Hexes


You had 5 spell levels left.
You knew the following spells:

 Your Spells              Type           Power      Damage    Failure   Level
a - Magic Dart            Conj           100%       1d8       1%          1
b - Searing Ray           Conj           92%        2d7       1%          2
c - Fulminant Prism       Conj/Hex       19%        3d11      4%          4

Your spell library contained the following spells:

 Spells                   Type           Power      Damage    Failure   Level
 Dazzling Flash           Conj/Hex       78%        N/A       1%          3
 Static Discharge         Conj/Air       24%        N/A       2%          2
 Iskenderun's Mystic Bla  Conj/Tloc      24%        2d7       19%         4
 Sticky Flame             Conj/Fire      24%        2d5       19%         4
 Passwall                 Tmut/Erth      1%         N/A       21%         2
 Swiftness                Air            2%         N/A       38%         3
 Dispel Undead            Necr           2%         3d7       80%         4


Dungeon Overview and Level Annotations

Branches:
Dungeon (8/15)             Temple (1/1) D:6           Sewer (visited)
 Bailey (1/1)
   Lair: D:8-11

Altars:
Ashenzari
Cheibriados
Dithmenos
Fedhas
Gozag
Kikubaaqudgha
Makhleb
Nemelex Xobeh
Okawaru
Qazlal
Sif Muna
Trog
Uskayaw
Vehumet
Wu Jian
Xom
Yredelemnul
Zin

Shops:
D:7 (


Innate Abilities, Weirdness & Mutations

You can breathe blasts of fire.
Your fiery red scales are hard. (AC +7)
You cannot fit into any form of body armour.
Your flesh is heat resistant. (rF+)
You are cold-blooded and may be slowed by cold attacks.


Message History

An orc comes into view. It is wielding a +0 arbalest.
Casting: Fulminant Prism (dangerous; 4% risk of failure)
Confirm with . or Enter, or press ? or * to list all spells.
Aiming: Fulminant Prism (dangerous; 4% risk of failure)
Press: ? - help, Dir - move target You conjure a prism of explosive energy!
A fulminant prism comes into view.
The orc warrior shoots a bolt.
The bolt hits you.
The orc shoots a bolt.
The bolt hits you!
Aiming: Breathe Fire (4% risk of failure)
Press: ? - help, Shift-Dir - straight line, f - orc warrior
Aim: an orc warrior, wielding a +0 arbalest, wearing a +0 scale mail and quivering bolts (ally target)
You breathe a blast of fire.
The fiery breath hits the orc warrior.
The orc warrior is moderately wounded.
The fiery breath hits the orc!
You kill the orc!
The orc warrior is distracted by your dazzling golden aura.
Your fulminant prism crackles loudly.
The orc warrior is no longer distracted by gold.
The orc warrior unwields a +0 arbalest.
The orc warrior hits your fulminant prism.
The orc shoots a bolt.
The bolt hits you!
Your fulminant prism explodes!
The blast of energy engulfs the orc warrior!
The orc warrior is severely wounded.
The orc warrior shouts!
You hear a shout! x3
Casting: Fulminant Prism (dangerous; 4% risk of failure)
Confirm with . or Enter, or press ? or * to list all spells.
You don't have enough magic to cast this spell.
Unknown command.
The orc warrior wields a +0 arbalest.
The orc warrior shoots a bolt.
The bolt hits you!
* * * LOW HITPOINT WARNING * * *
The orc shoots a bolt.
The bolt hits you!
* * * LOW HITPOINT WARNING * * *
The orc warrior shoots a bolt.
The bolt closely misses you.
The orc warrior is engulfed in a cloud of scalding steam.
The orc warrior shoots a bolt.
The bolt hits you!!
You die...
Your body crumbles into a pile of gold.

#......≈≈ #
#......≈##.∩
#......≈o☼
#......≈##
#......§≈#o#
#......≈≈≈≈≈
#...........
#...........
#@..........
#...........
#.∩.........
#∩..........
############


You could see an orc warrior.

Vanquished Creatures
  Pikel (D:4)
  Eustachio (D:5)
  A yak (D:8)
  A water moccasin (D:6)
  2 orc warriors
  2 ice beasts (D:7)
  A hornet zombie (D:6)
  2 black bears (D:5)
  A necrophage (D:5)
  2 phantoms (D:4)
  2 bullfrogs (D:8)
  A scorpion (D:6)
  A water moccasin skeleton (D:5)
  5 wights
  A centaur zombie (D:6)
  A jelly (D:6)
  2 hounds (D:6)
  3 orc priests
  2 centaur skeletons
  Jessica (D:2)
  3 iguanas
  3 orc wizards
  A merfolk siren (Sewer)
  A merfolk avatar (Sewer)
  A killer bee zombie (D:7)
  4 gnolls (D:7)
  A river rat (Sewer)
  9 adders
  A shadow imp (D:6)
  A white imp (D:7)
  2 adder skeletons (D:4)
  2 worms
  A dart slug (D:2)
  26 orcs
  9 endoplasms
  2 giant cockroaches (Sewer)
  5 hobgoblins
  7 jackals
  4 quokkas
  7 ball pythons
  4 bats
  10 frilled lizards
  17 goblins
  8 kobolds
  29 rats
  A fulminant prism (D:7)
192 creatures vanquished.

Vanquished Creatures (others)
  31 fulminant prisms
31 creatures vanquished.

Grand Total: 223 creatures vanquished

Notes
Turn   | Place    | Note
-------+----------+-------------------------------------------
     0 | D:1      | bearlyready the Draconian Conjurer began the quest for the
                  | Orb.
     0 | D:1      | Reached XP level 1. HP: 14/14 MP: 3/3
   267 | D:1      | Reached XP level 2. HP: 20/20 MP: 0/5
   272 | D:1      | Learned a level 2 spell: Searing Ray
  1705 | D:2      | Reached skill level 5 in Conjurations
  1713 | D:2      | Reached XP level 3. HP: 22/26 MP: 0/6
  2414 | D:2      | Found a broken altar of Ashenzari.
  2682 | D:2      | Noticed Jessica
  2731 | D:2      | Killed Jessica
  2732 | D:2      | Reached XP level 4. HP: 28/33 MP: 2/7
  2943 | D:2      | Found a faded altar of an unknown god.
  3280 | D:3      | Reached skill level 6 in Conjurations
  3431 | D:3      | Learned a level 4 spell: Fulminant Prism
  3792 | D:3      | Reached XP level 5. HP: 27/38 MP: 8/8
  3978 | D:3      | Reached skill level 1 in Hexes
  4483 | D:4      | Noticed a phantom
  4501 | D:4      | Killed a phantom
  4707 | D:4      | Reached XP level 6. HP: 45/45 MP: 9/9
  5363 | D:4      | Noticed Pikel
  5446 | D:4      | Killed Pikel
  5447 | D:4      | Reached skill level 7 in Conjurations
  5447 | D:4      | Your scales start taking on a fiery red colour.
  5447 | D:4      | Reached XP level 7. HP: 12/50 MP: 0/10
  5447 | D:4      | Gained mutation: Your flesh is heat resistant. (rF+) [Red
                  | Draconian growth]
  5803 | D:4      | Reached skill level 1 in Maces & Flails
  6009 | D:4      | Found a shadowy altar of Dithmenos.
  6088 | D:5      | Entered Level 5 of the Dungeon
  6120 | D:5      | Found a hide-covered altar of Uskayaw.
  6151 | D:5      | Reached skill level 8 in Conjurations
  6202 | D:5      | Found a glowing drain.
  6219 | Sewer    | Entered a sewer
  6624 | Sewer    | Reached XP level 8. HP: 57/57 MP: 6/11
  7236 | D:5      | Reached skill level 5 in Hexes
  7362 | D:5      | Found a broken altar of Ashenzari.
  7852 | D:5      | Reached skill level 1 in Fighting
  8188 | D:5      | Noticed Eustachio
  8193 | D:5      | Killed Eustachio
  8750 | D:6      | Reached skill level 9 in Conjurations
  8852 | D:6      | Found a staircase to the Ecumenical Temple.
  8866 | Temple   | Entered the Ecumenical Temple
  8876 | Temple   | Became a worshipper of Gozag Ym Sagoz the Greedy
  9342 | D:6      | Reached XP level 9. HP: 19/71 MP: 3/12
 10346 | D:7      | Found Leont's Weapon Boutique.
 10352 | D:7      | Found an ornate altar of the Wu Jian Council.
 10695 | D:7      | Found a stormy altar of Qazlal.
 10913 | D:8      | Reached skill level 5 in Fighting
 11014 | D:8      | Found a blossoming altar of Fedhas.
 11086 | D:8      | Found a flagged portal.
 11106 | Bailey   | Entered a bailey
 11135 | Bailey   | Shot with a bolt by an orc warrior

Illustrated notes

Levels and vault maps discovered:
D:1:      eino_arrival_tree_alley, layout_basic, minmay_tetromino_l2
D:2:      layout_basic, basic_altar, nicolae_ecumenical_lake_church,
          feat_on_display, uniq_jessica
D:3:      layout_basic
D:4:      layout_loops_corners, pf_just_have_faith, uniq_pikel
D:5:      layout_layer_cave, nicolae_overflow_hidden_temple,
          general_overflow_altar, gup_sewer_entry_glass,
          chequers_serial_rivers_small_3, uniq_eustachio
D:6:      layout_gridville, minmay_temple_entry_waves
D:7:      layout_rooms, overflow_temple_1_default, mainiacjoe_overflow_paths,
          serial_shops, shop, minmay_misc_feat_chi, minmay_fountain_box
D:8:      minmay_statue_hallways, layout_gridville,
          nicolae_ru_the_path_less_chosen, mainiacjoe_overflow_brackets,
          david_lair_generic, enter_bailey_5
Temple:   nicolae_temple_no_exploring_needed
Bailey:   bailey_polearm_2, bailey

Skill      XL: |  1  2  3  4  5  6  7  8  9 |
---------------+----------------------------+-----
Conjurations   | 5 6 7 8 9 |  9.9
Hexes          | 2 4 6 |  6.9
Maces & Flails | 2 3 |  3.0
Fighting       | 3 5 |  5.1
Dodging        | |  1.7
Stealth        | |  1.7
Spellcasting   | |  2.0

Action                   |  1- 3 |  4- 6 |  7- 9 || total
-------------------------+-------+-------+-------++-------
Melee: Dagger            |   167 |   262 |       ||   429
       Tailslap          |    10 |    16 |    22 ||    48
       Whip              |       |       |   284 ||   284
 Cast: Magic Dart        |    41 |     4 |       ||    45
       Searing Ray       |     4 |     6 |     6 ||    16
       Fulminant Prism   |       |     3 |    29 ||    32
 Abil: Breathe Fire      |       |       |    12 ||    12
  Use: Potion            |     1 |       |     2 ||     3
       Scroll            |       |       |    15 ||    15
 Stab: Sleeping          |     3 |     1 |     5 ||     9
Armor: Skin              |    68 |    92 |    86 ||   246
Dodge: Dodged            |   124 |   228 |   251 ||   603

Table legend: (Time is in decaauts)
 A = Elapsed time spent in this place.
 B = Non-inter-level travel time spent in this place.
 C = Inter-level travel time spent in this place.
 D = Time resting spent in this place.
 E = Time spent auto-exploring this place.
 F = Levels seen in this place.
 G = Mean time per level.
                   A        B        C        D        E       F      G
               +--------+--------+--------+--------+--------+-----+--------+
         Total |  11177 |  10934 |    243 |    883 |   7955 |  11 | 1016.1 |
       Dungeon |  10372 |  10137 |    235 |    618 |   7663 |   8 | 1296.5 |
        Temple |     22 |     14 |      8 |      0 |      0 |   1 |   22.0 |
         Sewer |    754 |    754 |      0 |    265 |    279 |   1 |  754.0 |
        Bailey |     28 |     28 |      0 |      0 |     13 |   1 |   28.0 |
               +--------+--------+--------+--------+--------+-----+--------+

Top non-repeatable levels by time:
     D:4: 1813 daAuts
     D:1: 1726 daAuts
     D:6: 1680 daAuts
     D:5: 1569 daAuts
     D:2: 1509 daAuts
     D:3: 1049 daAuts
   Sewer: 754 daAuts
     D:7: 743 daAuts
     D:8: 280 daAuts
  Bailey: 28 daAuts
  Temple: 22 daAuts
